 Dungeon Crawl Stone Soup version 0.17-a0-1636-g3119f2b (webtiles) character file.

108 matakusis the Skirmisher (level 4, -1/37 HPs)
             Began as a Demonspawn Abyssal Knight on Aug 5, 2015.
             Was a Believer of Lugonu.
             Slain by a gnoll
             ... wielding a +3 spear
              (4 damage)
             ... on level 2 of the Dungeon.
             The game lasted 00:05:44 (1597 turns).

matakusis the Skirmisher (DsAK)                     Turns: 1597, Time: 00:05:44

Health: -1/37      AC:  3    Str: 13      XL:     4   Next: 58%
Magic:  0/5        EV: 12    Int: 11 (13) God:    Lugonu [**....]
Gold:   69         SH:  0    Dex: 13      Spells: 0 memorised, 3 levels left

rFire  . . .     SeeInvis .     a - +1 hand axe
rCold  . . .     Clarity  .     b - +0 leather armour
rNeg   . . .     SustAt   .     (no shield)
rPois  .         Gourm    .     (no helmet)
rElec  .         Spirit   +     (no cloak)
rCorr  .         Warding  .     (no gloves)
rMut   .         Stasis   .     (no boots)
MR     .....                    (no amulet)
Stlth  +.........               (no ring)
                                (no ring)

@: not resistant to hostile enchantments, very unstealthy
A: powered by death 1, magic shield
a: Depart the Abyss, Bend Space, Renounce Religion


You were on level 2 of the Dungeon.
You worshipped Lugonu.
Lugonu was pleased with you.
You were hungry.

You visited 1 branch of the dungeon, and saw 2 of its levels.
You visited the Abyss 1 time.

You collected 69 gold pieces.

Inventory:

Hand weapons
 a - a +1 hand axe (weapon)
Armour
 b - a +0 leather armour (worn)
Scrolls
 d - a scroll of identify {unknown}
 e - a scroll of magic mapping {unknown}
 g - a scroll of teleportation {unknown}
 h - a scroll of fog {unknown}
 l - a scroll of remove curse {unknown}
 m - a scroll of fear {unknown}
 p - a scroll of amnesia {unknown}
Potions
 j - a potion of lignification {unknown}
 o - a potion of might {unknown}
 q - a potion of haste {unknown}
Comestibles
 c - 3 bread rations
 f - a royal jelly
 n - 7 chunks of flesh


   Skills:
 + Level 3.9 Fighting
 + Level 2.3 Axes
 + Level 2.4 Armour
 + Level 2.3 Dodging
 + Level 2.5 Invocations


You had 3 spell levels left.
You didn't know any spells.

Dungeon Overview and Level Annotations

Branches:
Dungeon (2/15)

Altars:
Ru
The Shining One


Innate Abilities, Weirdness & Mutations

You regenerate a little health from kills.
When hurt, damage is shared between your health and your magic reserves.


Message History

You see here a spear.
You barely miss the gnoll.
The gnoll hits you with an enchanted spear.
* * * LOW HITPOINT WARNING * * *
Drink which item? (? for menu, Esc to quit)
It was a potion of degeneration.
There was something very wrong with that liquid.
You feel dopey. The gnoll barely misses you.
You hit the gnoll.
The gnoll is moderately wounded.
The gnoll closely misses you.
You barely miss the gnoll.
The gnoll is moderately wounded.
The gnoll hits you with an enchanted spear!
* * * LOW HITPOINT WARNING * * *
You completely miss the gnoll.
The gnoll is moderately wounded.
The gnoll hits you with an enchanted spear.
You die...

#.# #.>..# #.# #.# #.####
#.# #.# #.# #.# #.# #.# #.#
#.#### #.# #.# #....# #.#
#.# ####..#.######.# #.#
......#...).)..##########.#
<...#####.##...g@.........#
###...#...##.##############
##..#..###.# #..)..# #.#
#.#.#.# #.# ...........#
.........##### ....#..###
###.#..#


You could see a gnoll.

Vanquished Creatures
  Natasha (D:2)
  2 adders (D:2)
  2 gnolls (D:2)
  2 worms (D:2)
  A giant gecko (D:1)
  7 bats
  4 hobgoblins
  A ball python (D:2)
  3 giant cockroaches
  6 giant newts
  7 goblins
  5 kobolds
  5 rats
46 creatures vanquished.

Notes
Turn   | Place    | Note
--------------------------------------------------------------
     0 | Abyss:1  | matakusis the Demonspawn Abyssal Knight began the quest for the Orb.
     0 | Abyss:1  | Reached XP level 1. HP: 18/18 MP: 2/2
     2 | Abyss:1  | Noticed a large abomination
    12 | D:1      | Escaped the Abyss
    52 | D:1      | Reached skill level 1 in Dodging
   381 | D:1      | Gained mutation: When hurt, damage is shared between your health and your magic reserves. [demonic ancestry]
   381 | D:1      | Reached XP level 2. HP: 24/24 MP: 3/3
   650 | D:1      | Found a glowing golden altar of the Shining One.
   670 | D:1      | Acquired Lugonu's second power
   913 | D:2      | Gained mutation: You regenerate a little health from kills. [demonic ancestry]
   913 | D:2      | Reached XP level 3. HP: 13/29 MP: 0/4
  1115 | D:2      | Found a sacrificial altar of Ru.
  1116 | D:2      | Noticed Natasha
  1134 | D:2      | Killed Natasha
  1279 | D:2      | Reached XP level 4. HP: 37/37 MP: 3/5
  1596 | D:2      | HP: 1/37 [gnoll/enchanted spear (7)]
  1597 | D:2      | Slain by a gnoll

Vault maps used:
D:1:      minmay_arrival_jagged, minmay_crystal_water, serial_bayou_ford_a,
          tso_metal_star
D:2:      zin_angel, nicolae_overflow_crystal_walls, first_bread, uniq_natasha

Action                   |  1- 3 |  4- 6 || total
-------------------------+-------+-------++-------
Melee: Hand axe          |   112 |    55 ||   167
  Use: Potion            |       |     2 ||     2
 Stab: Sleeping          |     1 |     1 ||     2
  Eat: Chunk             |     1 |     1 ||     2
